BSA
ORLANDO CALRISSIAN @ EL DORADO OILERS
07/14/2030
 
TOP OF THE 1ST
Orlando Calrissian batting - Pitching for El Dorado Oilers : RHP Tomás Molina
Pitching: RHP Tomás Molina
Batting: RHB Jesús Gonzáles 0-0: Called Strike
0-1: Ball
1-1: Foul Ball, location: 2F
1-2: SINGLE (Line Drive, 89S)
Batting: SHB Tim Abbott 0-0: Ball
1-0: Called Strike
1-1: Called Strike
1-2: Strikes out swinging
Batting: RHB Rich Anderson 0-0: Called Strike
0-1: SINGLE (Line Drive, 8LS)
Jesús Gonzáles to second
Runner from 2nd tries for 3rd, SAFE, no throw
Batting: RHB Raúl Canó 0-0: Ball
1-0: Called Strike
1-1: Called Strike
Rich Anderson is caught stealing 2nd base
1-2: Strikes out swinging
Top of the 1st over - 0 runs, 2 hits, 0 errors, 1 left on base; Orlando 0 - El Dorado 0
BOTTOM OF THE 1ST
El Dorado Oilers batting - Pitching for Orlando Calrissian : LHP Mark Collins
Pitching: LHP Mark Collins
Batting: LHB Al Gaines 0-0: Called Strike
0-1: Ball
1-1: Ball
2-1: Ball
3-1: Foul Ball, location: 2F
3-2: Fly out, F9 (Flyball, 89M)
Batting: RHB José Carlos Caraballo 0-0: Ball
1-0: Ball
2-0: Called Strike
2-1: Ground out 6-3 (Groundball, 6M)
Batting: RHB Nick Webb 0-0: Foul Ball, location: 2F
0-1: SINGLE (Line Drive, 6)
Batting: LHB José Hernández 0-0: Called Strike
0-1: Foul Ball, location: 2F
0-2: Strikes out swinging
Bottom of the 1st over - 0 runs, 1 hit, 0 errors, 1 left on base; Orlando 0 - El Dorado 0
TOP OF THE 2ND
Orlando Calrissian batting - Pitching for El Dorado Oilers : RHP Tomás Molina
Batting: RHB Gabriel Ángel 0-0: Ball
1-0: Ball
2-0: Foul Ball, location: 2F
2-1: Swinging Strike
2-2: Ball
3-2: Foul Ball, location: 2F
3-2: Base on Balls
Batting: LHB Juan Colón 0-0: Hit by Pitch
Gabriel Ángel to second
Batting: RHB Griswold Coleman 0-0: Foul Ball, location: 2F
0-1: Ball
1-1: Grounds into double play, 6-4-3 (Groundball, 6)
Gabriel Ángel to third
Batting: RHB Frederico Hernández 0-0: Swinging Strike
0-1: Ball
1-1: Swinging Strike
1-2: Foul Ball, location: 2F
1-2: Ball
2-2: Strikes out swinging
Top of the 2nd over - 0 runs, 0 hits, 0 errors, 1 left on base; Orlando 0 - El Dorado 0
BOTTOM OF THE 2ND
El Dorado Oilers batting - Pitching for Orlando Calrissian : LHP Mark Collins
Batting: SHB Theron Harper 0-0: SINGLE (Line Drive, 34)
Batting: LHB Chris Miller 0-0: Grounds into double play, 6-4-3 (Groundball, 6)
Batting: RHB José Montoya 0-0: Called Strike
0-1: Ball
1-1: Ball
2-1: DOUBLE (Line Drive, 78D)
Batting: RHB Vicente Carona 0-0: Ball
1-0: Foul Ball, location: 2F
1-1: Swinging Strike
1-2: Foul Ball, location: 2F
1-2: Ground out 5-3 (Groundball, 56)
Bottom of the 2nd over - 0 runs, 2 hits, 0 errors, 1 left on base; Orlando 0 - El Dorado 0
TOP OF THE 3RD
Orlando Calrissian batting - Pitching for El Dorado Oilers : RHP Tomás Molina
Batting: RHB Robby Lewis 0-0: Called Strike
0-1: Foul Ball, location: 2F
0-2: Foul Ball, location: 2F
0-2: Ball
1-2: Foul Ball, location: 2F
1-2: Strikes out swinging
Batting: RHB Jesús Gonzáles 0-0: Swinging Strike
0-1: Ball
1-1: Ball
2-1: Foul Ball, location: 2F
2-2: Ball
3-2: Strikes out swinging
Batting: SHB Tim Abbott 0-0: Called Strike
0-1: Swinging Strike
0-2: Foul Ball, location: 2F
0-2: Ball
1-2: Ball
2-2: Foul Ball, location: 2F
2-2: Ball
3-2: Ground out U3 (Groundball, 3)
Top of the 3rd over - 0 runs, 0 hits, 0 errors, 0 left on base; Orlando 0 - El Dorado 0
BOTTOM OF THE 3RD
El Dorado Oilers batting - Pitching for Orlando Calrissian : LHP Mark Collins
Batting: RHB Tony Hernández 0-0: Ball
1-0: Fly out, F9 (Flyball, 89S)
Batting: LHB Al Gaines 0-0: Called Strike
0-1: Ball
1-1: Ground out U3 (Groundball, 3)
Batting: RHB José Carlos Caraballo 0-0: Foul Ball, location: 2F
0-1: Ball
1-1: Fly out, F7 (Flyball, 78S)
Bottom of the 3rd over - 0 runs, 0 hits, 0 errors, 0 left on base; Orlando 0 - El Dorado 0
TOP OF THE 4TH
Orlando Calrissian batting - Pitching for El Dorado Oilers : RHP Tomás Molina
Batting: RHB Rich Anderson 0-0: Ball
1-0: Foul Ball, location: 2F
1-1: Foul Ball, location: 2F
1-2: Foul Ball, location: 2F
1-2: Foul Ball, location: 2F
1-2: SINGLE (Line Drive, 56)
Batting: RHB Raúl Canó 0-0: Fly out, F8 (Flyball, 8RD)
Batting: RHB Gabriel Ángel 0-0: Foul Ball, location: 2F
0-1: Ball
1-1: Foul Ball, location: 2F
1-2: Ball
2-2: Fly out, F6 (Line Drive, 6M)
Batting: LHB Juan Colón 0-0: Swinging Strike
0-1: Ball
1-1: Swinging Strike
1-2: Ball
2-2: Strikes out swinging
Top of the 4th over - 0 runs, 1 hit, 0 errors, 1 left on base; Orlando 0 - El Dorado 0
BOTTOM OF THE 4TH
El Dorado Oilers batting - Pitching for Orlando Calrissian : LHP Mark Collins
Batting: RHB Nick Webb 0-0: Ball
1-0: Ball
2-0: Ball
3-0: Called Strike
3-1: Foul Ball, location: 2F
3-2: DOUBLE (Line Drive, 89M)
Batting: LHB José Hernández 0-0: Called Strike
0-1: Ball
1-1: Ball
2-1: Fly out, F9 (Flyball, 9S)
Batting: SHB Theron Harper 0-0: Ball
1-0: Ball
2-0: Swinging Strike
2-1: Swinging Strike
2-2: Foul Ball, location: 2F
2-2: Strikes out looking
Batting: LHB Chris Miller 0-0: Called Strike
0-1: Called Strike
0-2: Ball
1-2: Ball
2-2: Ball
3-2: SINGLE (Flyball, 7LS)
Nick Webb to third
Nick Webb scores
Batting: RHB José Montoya 0-0: Called Strike
0-1: Ground out 6-3 (Groundball, 6M)
Bottom of the 4th over - 1 run, 2 hits, 0 errors, 1 left on base; Orlando 0 - El Dorado 1
TOP OF THE 5TH
Orlando Calrissian batting - Pitching for El Dorado Oilers : RHP Tomás Molina
Batting: RHB Griswold Coleman 0-0: Swinging Strike
0-1: Ground out 5-3 (Groundball, 56)
Batting: RHB Frederico Hernández 0-0: Foul Ball, location: 2F
0-1: SINGLE (Line Drive, 56)
Batting: RHB Robby Lewis 0-0: Fly out, F8 (Flyball, 8RD)
Batting: RHB Jesús Gonzáles 0-0: Ground out U3 (Groundball, 3)
Top of the 5th over - 0 runs, 1 hit, 0 errors, 1 left on base; Orlando 0 - El Dorado 1
BOTTOM OF THE 5TH
El Dorado Oilers batting - Pitching for Orlando Calrissian : LHP Mark Collins
Batting: RHB Vicente Carona 0-0: Ball
1-0: Ball
2-0: Ground out 5-3 (Groundball, 5L)
Batting: RHB Tony Hernández 0-0: SINGLE (Flyball, 7LS)
Batting: LHB Al Gaines 0-0: Ball
1-0: Called Strike
1-1: Fielders Choice at 2nd, 4-6 (Groundball, 4M)
Batting: RHB José Carlos Caraballo 0-0: Called Strike
Al Gaines steals 2nd base
0-1: Ball
1-1: Called Strike
1-2: Fly out, F8 (Line Drive, 8LM)
Bottom of the 5th over - 0 runs, 1 hit, 0 errors, 1 left on base; Orlando 0 - El Dorado 1
TOP OF THE 6TH
Orlando Calrissian batting - Pitching for El Dorado Oilers : RHP Tomás Molina
Batting: SHB Tim Abbott 0-0: Fly out, F2 (Popup, 15S)
Batting: RHB Rich Anderson 0-0: Ground out 5-3 (Groundball, 56)
Batting: RHB Raúl Canó 0-0: Foul Ball, location: 2F
0-1: SINGLE (Flyball, 9S)
Batting: RHB Gabriel Ángel 0-0: Ball
1-0: Called Strike
1-1: Fly out, F8 (Flyball, 8LM)
Top of the 6th over - 0 runs, 1 hit, 0 errors, 1 left on base; Orlando 0 - El Dorado 1
BOTTOM OF THE 6TH
El Dorado Oilers batting - Pitching for Orlando Calrissian : LHP Mark Collins
Batting: RHB Nick Webb 0-0: Ball
1-0: Called Strike
1-1: Ball
2-1: Foul Ball, location: 2F
2-2: Foul Ball, location: 2F
2-2: Fly out, F9 (Flyball, 9)
Batting: LHB José Hernández 0-0: Called Strike
0-1: Ball
1-1: SINGLE (Groundball, 56D)
Batting: SHB Theron Harper 0-0: Ball
1-0: Ball
2-0: DOUBLE (Groundball, 3L)
José Hernández to third
Batting: LHB Chris Miller 0-0: Foul Ball, location: 2F
0-1: Ball
1-1: Ground out 4-3 (Groundball, 34)
Batting: RHB José Montoya 0-0: Foul Ball, location: 2F
0-1: Ball
1-1: Ball
2-1: Called Strike
2-2: Foul Ball, location: 2F
2-2: Ball
3-2: Foul Ball, location: 2F
3-2: Base on Balls
Batting: RHB Vicente Carona 0-0: Foul Ball, location: 2F
0-1: Swinging Strike
0-2: Foul Ball, location: 2F
0-2: Fielders Choice at 2nd, 5-4 (Groundball, 5)
Bottom of the 6th over - 0 runs, 2 hits, 0 errors, 3 left on base; Orlando 0 - El Dorado 1
TOP OF THE 7TH
Orlando Calrissian batting - Pitching for El Dorado Oilers : RHP Tomás Molina
Batting: LHB Juan Colón 0-0: Ball
1-0: Ball
2-0: Called Strike
2-1: Foul Ball, location: 2F
2-2: Foul Ball, location: 2F
2-2: SINGLE (Groundball, 34D)
Batting: RHB Griswold Coleman 0-0: Ball
1-0: Ball
2-0: Called Strike
2-1: Ball
3-1: Base on Balls
Juan Colón to second
Batting: RHB Frederico Hernández 0-0: Reached on error, E2 (Groundball, 2L)
Juan Colón scores
Griswold Coleman to third
Pinch Hitting: LHB Danny Allen 0-0: Intentional Walk
Batting: RHB Jesús Gonzáles 0-0: SINGLE (Line Drive, 89M)
Griswold Coleman scores
Frederico Hernández to third
Danny Allen to second
Pitching: RHP César López
Batting: SHB Tim Abbott 0-0: Ball
1-0: Swinging Strike
1-1: Swinging Strike
1-2: Ball
2-2: Strikes out looking
Batting: RHB Rich Anderson 0-0: Ball
1-0: Grounds into double play, 6-2-3 (Groundball, 6)
Top of the 7th over - 2 runs, 2 hits, 1 error, 2 left on base; Orlando 2 - El Dorado 1
BOTTOM OF THE 7TH
El Dorado Oilers batting - Pitching for Orlando Calrissian : LHP Mark Collins
Now at 1B: Júlio Negrón
Now at 3B: Keith Sims
Now in CF: Craig Kenney
Batting: RHB Tony Hernández 0-0: Swinging Strike
0-1: Ground out 3-1 (Groundball, 34S)
Batting: LHB Al Gaines 0-0: Ball
1-0: SINGLE (Groundball, 4MD)
Pitching: RHP José Reyes
Batting: RHB José Carlos Caraballo 0-0: Ball
Al Gaines is caught stealing 2nd base
1-0: Ball
2-0: Ground out 5-3 (Groundball, 56)
Bottom of the 7th over - 0 runs, 1 hit, 0 errors, 0 left on base; Orlando 2 - El Dorado 1
TOP OF THE 8TH
Orlando Calrissian batting - Pitching for El Dorado Oilers : RHP César López
Batting: RHB Raúl Canó 0-0: Ball
1-0: Called Strike
1-1: Fly out, F8 (Flyball, 8RD)
Batting: RHB Júlio Negrón 0-0: Ball
1-0: Ball
2-0: Foul Ball, location: 2F
2-1: Foul Ball, location: 2F
2-2: Foul Ball, location: 2F
2-2: Ball
3-2: SOLO HOME RUN (Flyball, 78XD), Distance : 403 ft
Batting: LHB Juan Colón 0-0: Called Strike
0-1: Ball
1-1: Foul Ball, location: 2F
1-2: Strikes out swinging
Batting: RHB Griswold Coleman 0-0: Ball
1-0: Called Strike
1-1: Called Strike
1-2: Strikes out swinging
Top of the 8th over - 1 run, 1 hit, 0 errors, 0 left on base; Orlando 3 - El Dorado 1
BOTTOM OF THE 8TH
El Dorado Oilers batting - Pitching for Orlando Calrissian : RHP José Reyes
Batting: RHB Nick Webb 0-0: Ball
1-0: Ground out 5-3 (Groundball, 5L)
Batting: LHB José Hernández 0-0: Ball
1-0: Ball
2-0: Called Strike
2-1: Foul Ball, location: 2F
2-2: Fly out, F9 (Flyball, 9S)
Batting: SHB Theron Harper 0-0: Fly out, F7 (Flyball, 78D)
Bottom of the 8th over - 0 runs, 0 hits, 0 errors, 0 left on base; Orlando 3 - El Dorado 1
TOP OF THE 9TH
Orlando Calrissian batting - Pitching for El Dorado Oilers : RHP César López
Batting: RHB Frederico Hernández 0-0: Called Strike
0-1: Ball
1-1: Foul Ball, location: 2F
1-2: Foul Ball, location: 2F
1-2: Foul Ball, location: 2F
1-2: Ball
2-2: SINGLE (Groundball, 56D)
Batting: RHB Keith Sims 0-0: Swinging Strike
0-1: Ball
1-1: Fielders Choice at 2nd, 1-4 (Groundball, 15)
Batting: LHB Craig Kenney 0-0: Ball
1-0: Called Strike
1-1: Swinging Strike
1-2: Strikes out looking
Batting: SHB Tim Abbott 0-0: Ball
1-0: Ground out U3 (Groundball, 3)
Top of the 9th over - 0 runs, 1 hit, 0 errors, 1 left on base; Orlando 3 - El Dorado 1
BOTTOM OF THE 9TH
El Dorado Oilers batting - Pitching for Orlando Calrissian : RHP José Reyes
Pitching: LHP Mike Murray
Batting: LHB Chris Miller 0-0: Called Strike
0-1: Ball
1-1: Fly out, F8 (Flyball, 8LM)
Batting: RHB José Montoya 0-0: Called Strike
0-1: Ball
1-1: Called Strike
1-2: Strikes out swinging
Batting: RHB Vicente Carona 0-0: Ball
1-0: Called Strike
1-1: DOUBLE (Line Drive, 78D)
Pinch Hitting: RHB Ernesto Acosta 0-0: Ball
1-0: Swinging Strike
1-1: Ball
2-1: Foul Ball, location: 2F
2-2: Foul Ball, location: 2F
2-2: DOUBLE (Flyball, 78XD)
Vicente Carona scores
Pinch Hitting: RHB Bob Johnson 0-0: Ball
1-0: Ground out 5-3 (Groundball, 5)
Bottom of the 9th over - 1 run, 2 hits, 0 errors, 1 left on base; Orlando 3 - El Dorado 2
Saturday, April 7th, 2018 - OOTP Baseball 18.8 Build 76